[Event "Portugal Open 2020"]
[Site "Lisbon"]
[Date "2020.01.25"]
[Round "1.6"]
[White "Ghazarian, Tigran"]
[Black "Hendrix, Joachim"]
[Result "1-0"]
[ECO "B06"]
[WhiteElo "1668"]
[BlackElo "1868"]
[Annotator "NA"]
[PlyCount "59"]
[EventDate "2020.01.25"]
[EventType "swiss"]
[EventCountry "POR"]
[SourceTitle "playchess.com"]
[Source "ChessBase"]
[SourceQuality "1"]
[TimeControl "5400+30"]

1. e4 g6 2. d4 Bg7 3. Nf3 d6 4. Bc4 Nc6 5. O-O Nf6 6. Qe2 Bg4 7. Rd1 e5 8. c3 O-O 9. h3 Bxf3 10. Qxf3 Nd7 11. Be3 Kh8 12. Qg3 Nf6 13. Qh4 exd4 14. Bg5 Ne5 15. Be2 c5 16. cxd4 cxd4 17. Rxd4 Qb6 18. Rd2 Ned7 19. Nc3 Kg8 20. Qg3 h6 21. Be3 Qb4 22. Qxd6 Qxd6 23. Rxd6 Rfe8 24. Rad1 Nb6 25. f3 Nh5 26. g4 Ng3 27. Bb5 Rec8 28. Bf4 Bf8 29. R6d2 a6 30. Bd3 1-0

[Event "Portugal Open 2020"]
[Site "Lisbon"]
[Date "2020.01.25"]
[Round "1.7"]
[White "Morais, Vitor"]
[Black "Iturrizaga Bonelli, Eduardo"]
[Result "0-1"]
[ECO "A05"]
[WhiteElo "1864"]
[BlackElo "2597"]
[Annotator "ChessBase"]
[PlyCount "68"]
[EventDate "2020.01.25"]
[EventType "swiss"]
[EventCountry "POR"]
[SourceTitle "playchess.com"]
[Source "ChessBase"]
[SourceQuality "1"]
[TimeControl "5400+30"]

1. Nf3 Nf6 2. g3 b6 3. Bg2 Bb7 4. O-O g6 5. d4 Bg7 6. c4 O-O 7. Nc3 Ne4 8. Qc2 Nxc3 9. bxc3 Nc6 10. Nd2 Qc8 11. Ba3 d6 12. Nb3 Nd8 13. e4 c5 14. dxc5 dxc5 15. Rfd1 Qe6 16. Rd5 Bxd5 17. cxd5 Qd7 18. Rd1 Qa4 19. Bb2 Nb7 20. Rc1 Nd6 21. Nd2 Qxc2 22. Rxc2 f5 23. exf5 gxf5 24. f4 b5 25. Bf1 c4 26. Ba3 a5 27. Bxd6 exd6 28. Nf3 Rfc8 29. Bh3 b4 30. cxb4 axb4 31. Bxf5 Rc5 32. Nd2 Bc3 33. Ne4 Bd4+ 34. Kg2 b3 0-1

[Event "Portugal Open 2020"]
[Site "Lisbon"]
[Date "2020.01.25"]
[Round "1.8"]
[White "Petrov, Nikita"]
[Black "Marcos Herrero, Francisco"]
[Result "1-0"]
[ECO "A35"]
[WhiteElo "2592"]
[BlackElo "1861"]
[Annotator "ChessBase"]
[PlyCount "43"]
[EventDate "2020.01.25"]
[EventType "swiss"]
[EventCountry "POR"]
[SourceTitle "playchess.com"]
[Source "ChessBase"]
[SourceQuality "1"]
[TimeControl "5400+30"]

1. c4 c5 2. Nc3 Nc6 3. Nf3 g6 4. e3 Bg7 5. d4 cxd4 6. exd4 d6 7. Be2 Nf6 8. d5 Nb8 9. O-O O-O 10. h3 Nbd7 11. Be3 a5 12. Re1 Nc5 13. Bf1 Bd7 14. Bd4 Re8 15. Qd2 a4 16. Re2 Qa5 17. Rae1 Kf8 18. Ng5 Rac8 19. Re3 h6 20. Nf3 e5 21. dxe6 Nxe6 22. Bxf6 1-0

[Event "Portugal Open 2020"]
[Site "Lisbon"]
[Date "2020.01.25"]
[Round "1.9"]
[White "Coelho, Pedro Rodrigo Dias"]
[Black "Asadli, Vugar"]
[Result "0-1"]
[ECO "A04"]
[WhiteElo "1856"]
[BlackElo "2538"]
[Annotator "ChessBase"]
[PlyCount "48"]
[EventDate "2020.01.25"]
[EventType "swiss"]
[EventCountry "POR"]
[SourceTitle "playchess.com"]
[Source "ChessBase"]
[SourceQuality "1"]
[TimeControl "5400+30"]

1. Nf3 g6 2. c3 Bg7 3. d4 d6 4. e4 Nd7 5. Qc2 b6 6. Bg5 Bb7 7. Nbd2 h6 8. Bh4 g5 9. Bg3 e6 10. Bd3 Qe7 11. O-O-O Ngf6 12. h3 Nh5 13. Bh2 Nf4 14. Rhe1 Nxd3+ 15. Qxd3 O-O-O 16. Nb3 h5 17. Kb1 Rhe8 18. Nfd2 g4 19. hxg4 hxg4 20. Qg3 Rh8 21. Rh1 Rh4 22. f4 Rdh8 23. Ka1 Qf6 24. a4 Qh6 0-1

[Event "Portugal Open 2020"]
[Site "Lisbon"]
[Date "2020.01.25"]
[Round "1.11"]
[White "Leao, Tiago Miguel Da Silv"]
[Black "Ten Hertog, Hugo"]
[Result "0-1"]
[ECO "B06"]
[WhiteElo "2136"]
[BlackElo "2503"]
[Annotator "ChessBase"]
[PlyCount "62"]
[EventDate "2020.01.25"]
[EventType "swiss"]
[EventCountry "POR"]
[SourceTitle "playchess.com"]
[Source "ChessBase"]
[SourceQuality "1"]
[TimeControl "5400+30"]

1. e4 g6 2. d4 Bg7 3. Nc3 a6 4. Be3 b5 5. a3 Bb7 6. f3 d6 7. Qd2 Nd7 8. h4 h6 9. Nge2 Rc8 10. Ng3 h5 11. Rd1 c5 12. Be2 cxd4 13. Bxd4 Bxd4 14. Qxd4 Ngf6 15. O-O Qb6 16. Qxb6 Nxb6 17. Bd3 Nfd7 18. f4 Nc4 19. Bxc4 Rxc4 20. Rd3 O-O 21. b3 Rc7 22. Nd5 Bxd5 23. Rxd5 Nf6 24. Rd2 Rfc8 25. Rff2 Rc3 26. e5 dxe5 27. fxe5 Ng4 28. Ne4 Re3 29. Rfe2 Rxb3 30. g3 Rxa3 31. e6 f5 0-1

[Event "Portugal Open 2020"]
[Site "Lisbon"]
[Date "2020.01.25"]
[Round "1.12"]
[White "Spraggett, Kevin"]
[Black "Tieres, Cristiano"]
[Result "1-0"]
[ECO "E71"]
[WhiteElo "2501"]
[BlackElo "1852"]
[Annotator "ChessBase"]
[PlyCount "82"]
[EventDate "2020.01.25"]
[EventType "swiss"]
[EventCountry "POR"]
[SourceTitle "playchess.com"]
[Source "ChessBase"]
[SourceQuality "1"]
[TimeControl "5400+30"]

1. c4 Nf6 2. Nc3 g6 3. e4 d6 4. d4 Bg7 5. h3 O-O 6. Nf3 e5 7. d5 a5 8. g4 Na6 9. Be3 Nd7 10. Rg1 Kh8 11. g5 Ndc5 12. h4 Bd7 13. Nd2 c6 14. h5 Kg8 15. Qf3 a4 16. a3 b5 17. dxc6 b4 18. c7 Nxc7 19. axb4 N5e6 20. b5 Nd4 21. Qd1 d5 22. exd5 Bf5 23. Nce4 Qb8 24. Bd3 Ne8 25. Ra3 Nd6 26. h6 Bh8 27. f3 Rc8 28. Bf2 Nb7 29. Rg3 Nd6 30. Kf1 Qc7 31. Kg2 Bxe4 32. fxe4 Nb7 33. Rxa4 Nc5 34. Rxa8 Rxa8 35. b4 Na4 36. c5 Nc3 37. Qg4 Ra1 38. b6 Qb8 39. Qd7 Nce2 40. Bxe2 Nxe2 41. b7 Nf4+ 1-0

[Event "Portugal Open 2020"]
[Site "Lisbon"]
[Date "2020.01.25"]
[Round "1.16"]
[White "Janik, Igor"]
[Black "Quintino, Luis Filipe Pires De"]
[Result "1-0"]
[ECO "B01"]
[WhiteElo "2453"]
[BlackElo "1839"]
[Annotator "ChessBase"]
[PlyCount "61"]
[EventDate "2020.01.25"]
[EventType "swiss"]
[EventCountry "POR"]
[SourceTitle "playchess.com"]
[Source "ChessBase"]
[SourceQuality "1"]
[TimeControl "5400+30"]

1. e4 d5 2. exd5 Qxd5 3. Nf3 Bg4 4. Be2 Nf6 5. d4 e6 6. O-O Be7 7. c4 Qd8 8. Qb3 Qc8 9. Nc3 c6 10. Bf4 O-O 11. Rad1 Rd8 12. h3 Bxf3 13. Bxf3 Na6 14. Rfe1 Rd7 15. Be5 Qd8 16. a3 Qf8 17. Qa4 Nc7 18. Re3 Nfe8 19. d5 exd5 20. cxd5 b5 21. Qg4 Rad8 22. dxc6 f5 23. Qg3 Rxd1+ 24. Bxd1 Bd6 25. Bb3+ Kh8 26. Qh4 Nf6 27. Bc2 Bxe5 28. Rxe5 g6 29. Nxb5 Nxb5 30. Rxb5 Qe7 31. c7 1-0

[Event "Portugal Open 2020"]
[Site "Lisbon"]
[Date "2020.01.25"]
[Round "1.17"]
[White "Elias, Ruben Joel Monteiro"]
[Black "Martin Duque, Jesus"]
[Result "0-1"]
[ECO "B44"]
[WhiteElo "1837"]
[BlackElo "2447"]
[Annotator "NA"]
[PlyCount "90"]
[EventDate "2020.01.25"]
[EventType "swiss"]
[EventCountry "POR"]
[SourceTitle "playchess.com"]
[Source "ChessBase"]
[SourceQuality "1"]
[TimeControl "5400+30"]

1. e4 c5 2. Nf3 e6 3. d4 cxd4 4. Nxd4 Nc6 5. c4 Nf6 6. Nc3 Bb4 7. Nxc6 bxc6 8. Bd3 e5 9. O-O d6 10. Bg5 O-O 11. Qf3 Be6 12. Bxf6 Qxf6 13. Qxf6 gxf6 14. Ne2 Bc5 15. Ng3 Rfb8 16. b3 Kf8 17. Kh1 a5 18. f4 a4 19. fxe5 fxe5 20. Rab1 axb3 21. Rxb3 Rd8 22. Rb7 Rxa2 23. h3 Ra3 24. Rf3 Ra7 25. Rb1 Rda8 26. Rbf1 Ra1 27. Nf5 Rxf1+ 28. Rxf1 Ra3 29. Be2 Ra2 30. Bd3 Rd2 31. Rf3 Rd1+ 32. Kh2 Rc1 33. Ne3 Bxe3 34. Rxe3 Bxc4 35. Bxc4 Rxc4 36. Kg3 Ke7 37. Kf3 Ke6 38. g4 d5 39. exd5+ cxd5 40. Ra3 Rf4+ 41. Ke3 d4+ 42. Ke2 Kd5 43. Ra8 Ke4 44. Rh8 d3+ 45. Ke1 Ke3 0-1

[Event "Portugal Open 2020"]
[Site "Lisbon"]
[Date "2020.01.25"]
[Round "1.22"]
[White "Savanovic, Aleksandar"]
[Black "Trinkl, Stefan"]
[Result "1-0"]
[ECO "B15"]
[WhiteElo "2414"]
[BlackElo "1814"]
[Annotator "NA RC"]
[PlyCount "42"]
[EventDate "2020.01.25"]
[EventType "swiss"]
[EventCountry "POR"]
[SourceTitle "playchess.com"]
[Source "ChessBase"]
[SourceQuality "1"]
[TimeControl "5400+30"]

1. e4 c6 2. d4 d5 3. Nc3 dxe4 4. Nxe4 Nf6 5. Nxf6+ exf6 6. c3 Bd6 7. Bd3 O-O 8. Qc2 Re8+ 9. Ne2 h6 10. O-O Nd7 11. Bf4 Nf8 12. Bxd6 Qxd6 13. Rfe1 Ne6 14. Ng3 Qf8 15. Nh5 Bd7 16. Re3 Qe7 17. Rg3 Kh8 18. Nxg7 Nxg7 19. Qd2 Nf5 20. Bxf5 Bxf5 21. Qxh6+ Bh7 1-0

[Event "Portugal Open 2020"]
[Site "Lisbon"]
[Date "2020.01.25"]
[Round "1.24"]
[White "Sousa, Andre Ventura"]
[Black "Avelino, Camila Biscaya"]
[Result "1-0"]
[ECO "A05"]
[WhiteElo "2391"]
[BlackElo "1802"]
[Annotator "NA RC"]
[PlyCount "53"]
[EventDate "2020.01.25"]
[EventType "swiss"]
[EventCountry "POR"]
[SourceTitle "playchess.com"]
[Source "ChessBase"]
[SourceQuality "1"]
[TimeControl "5400+30"]

1. Nf3 Nf6 2. g3 g6 3. Bg2 Bg7 4. O-O O-O 5. d4 d6 6. Nc3 Nbd7 7. e4 e5 8. h3 exd4 9. Nxd4 Nc5 10. Bf4 Ne6 11. Nxe6 fxe6 12. Qd2 Nh5 13. Bg5 Bf6 14. Bh6 Bg7 15. Bg5 Bf6 16. Be3 e5 17. Nd5 Bg7 18. Bg5 Nf6 19. f4 Be6 20. fxe5 dxe5 21. Nxf6+ Bxf6 22. Rxf6 Rxf6 23. Qxd8+ Rxd8 24. Bxf6 Rd2 25. Rc1 Bxa2 26. b3 a5 27. Bg5 1-0

[Event "Portugal Open 2020"]
[Site "Lisbon"]
[Date "2020.01.25"]
[Round "1.25"]
[White "Curado, Manuel Joao Ferro"]
[Black "Vasli, Aref"]
[Result "0-1"]
[ECO "C45"]
[WhiteElo "1797"]
[BlackElo "2391"]
[Annotator "NA"]
[PlyCount "42"]
[EventDate "2020.01.25"]
[EventType "swiss"]
[EventCountry "POR"]
[SourceTitle "playchess.com"]
[Source "ChessBase"]
[SourceQuality "1"]
[TimeControl "5400+30"]

1. e4 e5 2. Nf3 Nc6 3. d4 exd4 4. Nxd4 Bc5 5. Be3 Qf6 6. c3 Nge7 7. Be2 O-O 8. O-O d6 9. Kh1 Bb6 10. Qd2 Bd7 11. Na3 Qg6 12. f3 d5 13. Ndc2 Be6 14. Bxb6 axb6 15. exd5 Nxd5 16. Nb5 Rad8 17. Nbd4 Nxd4 18. Nxd4 Bc8 19. f4 c5 20. Bd3 Qh6 21. Ne2 Nf6 0-1

[Event "Portugal Open 2020"]
[Site "Lisbon"]
[Date "2020.01.25"]
[Round "1.26"]
[White "Alshameary Puente, Ismael"]
[Black "Terwagne, Bertrand"]
[Result "1-0"]
[ECO "D35"]
[WhiteElo "2385"]
[BlackElo "1796"]
[Annotator "NA"]
[PlyCount "43"]
[EventDate "2020.01.25"]
[EventType "swiss"]
[EventCountry "POR"]
[SourceTitle "playchess.com"]
[Source "ChessBase"]
[SourceQuality "1"]
[TimeControl "5400+30"]

1. d4 Nf6 2. c4 e6 3. Nc3 d5 4. cxd5 Nxd5 5. e4 Nxc3 6. bxc3 c5 7. Rb1 g6 8. h4 cxd4 9. cxd4 Bg7 10. Nf3 Nc6 11. Bb5 O-O 12. Be3 Qc7 13. Qc1 Qd6 14. e5 Qc7 15. Bh6 Qa5+ 16. Kf1 f6 17. Bxg7 Kxg7 18. h5 gxh5 19. Rxh5 Qxa2 20. Qh6+ Kf7 21. Rc1 Ke7 22. Qg7+ 1-0

[Event "Portugal Open 2020"]
[Site "Lisbon"]
[Date "2020.01.25"]
[Round "1.30"]
[White "Mihajlov, Sebastian"]
[Black "Fanha, Paulo"]
[Result "1/2-1/2"]
[ECO "B01"]
[WhiteElo "2374"]
[BlackElo "1766"]
[Annotator "NA"]
[PlyCount "67"]
[EventDate "2020.01.25"]
[EventType "swiss"]
[EventCountry "POR"]
[SourceTitle "playchess.com"]
[Source "ChessBase"]
[SourceQuality "1"]
[TimeControl "5400+30"]

1. e4 d5 2. exd5 Qxd5 3. Nc3 Qd6 4. d4 Nf6 5. Nf3 c6 6. Ne5 Bf5 7. Bc4 e6 8. O-O Qc7 9. g4 Bg6 10. f4 Bd6 11. Qe2 Nbd7 12. f5 Nxe5 13. dxe5 Bxe5 14. fxg6 hxg6 15. Rf2 Bd4 16. Be3 Bxe3 17. Qxe3 Nxg4 18. Qf4 Qxf4 19. Rxf4 Ne5 20. Bb3 Ke7 21. Re1 Rh5 22. Ne4 Rah8 23. Nd2 Rxh2 24. Rxe5 Rh1+ 25. Kf2 R8h2+ 26. Kg3 Rxd2 27. Rf2 Rxf2 28. Kxf2 Rd1 29. Ke2 Rd6 30. c4 Rd4 31. Ra5 a6 32. Ke3 Rh4 33. Kd3 f6 34. c5 1/2-1/2

[Event "Portugal Open 2020"]
[Site "Lisbon"]
[Date "2020.01.25"]
[Round "1.33"]
[White "Barreiros, Cilauro Neves"]
[Black "Soham Das"]
[Result "0-1"]
[ECO "B50"]
[WhiteElo "1759"]
[BlackElo "2355"]
[Annotator "NA"]
[PlyCount "62"]
[EventDate "2020.01.25"]
[EventType "swiss"]
[EventCountry "POR"]
[SourceTitle "playchess.com"]
[Source "ChessBase"]
[SourceQuality "1"]
[TimeControl "5400+30"]

1. e4 c5 2. Nf3 d6 3. Nc3 a6 4. a4 Nf6 5. Be2 Nc6 6. h3 g6 7. d4 cxd4 8. Nxd4 Bg7 9. Be3 O-O 10. Qd2 Bd7 11. f4 Nxd4 12. Bxd4 Bc6 13. Bf3 Re8 14. O-O e5 15. fxe5 dxe5 16. Be3 Qa5 17. Qf2 Qb4 18. Ra3 Kh8 19. Bc5 Qc4 20. Qe3 Nd7 21. Bd6 Re6 22. Rd1 Rxd6 23. Rxd6 Bf8 24. Be2 Qb4 25. Rxc6 bxc6 26. Rb3 Qxb3 27. cxb3 Bc5 28. Qxc5 Nxc5 29. Bc4 Rb8 30. Bxf7 Nxb3 31. Kf2 Rf8 0-1

[Event "Portugal Open 2020"]
[Site "Lisbon"]
[Date "2020.01.25"]
[Round "1.34"]
[White "Plichta, Kamil"]
[Black "Goncalves, Samuel Jesus P"]
[Result "1-0"]
[ECO "A05"]
[WhiteElo "2353"]
[BlackElo "1758"]
[Annotator "NA"]
[PlyCount "45"]
[EventDate "2020.01.25"]
[EventType "swiss"]
[EventCountry "POR"]
[SourceTitle "playchess.com"]
[Source "ChessBase"]
[SourceQuality "1"]
[TimeControl "5400+30"]

1. Nf3 Nf6 2. c4 e6 3. g3 b6 4. Bg2 Bb7 5. O-O Be7 6. b3 O-O 7. Bb2 c5 8. Nc3 d6 9. e3 Nbd7 10. d4 a6 11. d5 Qc7 12. dxe6 fxe6 13. Ng5 Bxg2 14. Kxg2 Qc6+ 15. e4 h6 16. Nxe6 Nxe4 17. Qd5 Qxd5 18. Nxd5 Rf7 19. Bxg7 Nf8 20. Bxf8 Bxf8 21. Nxb6 Re8 22. Nxf8 Rexf8 23. f4 1-0

[Event "Portugal Open 2020"]
[Site "Lisbon"]
[Date "2020.01.25"]
[Round "1.35"]
[White "Guerreiro, Paulo Jorge Leitao"]
[Black "Taboas Rodriguez, Daniel"]
[Result "0-1"]
[ECO "A16"]
[WhiteElo "1757"]
[BlackElo "2348"]
[Annotator "NA"]
[PlyCount "55"]
[EventDate "2020.01.25"]
[EventType "swiss"]
[EventCountry "POR"]
[SourceTitle "playchess.com"]
[Source "ChessBase"]
[SourceQuality "1"]
[TimeControl "5400+30"]

1. c4 Nf6 2. Nc3 g6 3. g3 Bg7 4. Bg2 O-O 5. d3 e5 6. e3 c6 7. Nf3 Re8 8. O-O d5 9. cxd5 cxd5 10. e4 d4 11. Nb1 Nc6 12. a3 Rf8 13. Nc3 Re8 14. Nb1 a5 15. Bg5 Qb6 16. Qc2 Be6 17. Nbd2 Rac8 18. Rac1 Nb4 19. Qb1 Rxc1 20. Rxc1 Ba2 21. Qa1 Nxd3 22. Bxf6 Bxf6 23. Rc2 Be6 24. Bf1 Nc5 25. Qc1 Nb3 26. Nxb3 Qxb3 27. Rc5 Qxf3 28. Rc2 0-1

[Event "Portugal Open 2020"]
[Site "Lisbon"]
[Date "2020.01.25"]
[Round "1.37"]
[White "Montero Montero, Juan Jose"]
[Black "Rocha, Sergio"]
[Result "0-1"]
[ECO "B32"]
[WhiteElo "1744"]
[BlackElo "2343"]
[Annotator "NA"]
[PlyCount "58"]
[EventDate "2020.01.25"]
[EventType "swiss"]
[EventCountry "POR"]
[SourceTitle "playchess.com"]
[Source "ChessBase"]
[SourceQuality "1"]
[TimeControl "5400+30"]

1. e4 c5 2. Nf3 Nc6 3. d4 cxd4 4. Nxd4 Qb6 5. Nf3 Nf6 6. Bd3 e6 7. O-O d6 8. a3 Be7 9. b3 O-O 10. Bb2 a6 11. Nbd2 Qc7 12. Re1 Nd7 13. Nc4 b5 14. Ncd2 Nc5 15. Rc1 Bb7 16. Bf1 Rfd8 17. Qe2 a5 18. e5 d5 19. Nd4 b4 20. a4 Bg5 21. Nxc6 Qxc6 22. Rcd1 Ba6 23. Qg4 Bxd2 24. Rxd2 Ne4 25. Qf4 Bxf1 26. Rxf1 Nxd2 27. Qxd2 Rac8 28. Rc1 d4 29. f4 Qe4 0-1

[Event "Portugal Open 2020"]
[Site "Lisbon"]
[Date "2020.01.25"]
[Round "1.38"]
[White "Bayramov, Zaur"]
[Black "Batista, Sandro Manuel Almeid"]
[Result "1-0"]
[ECO "D41"]
[WhiteElo "2333"]
[BlackElo "1741"]
[Annotator "NA"]
[PlyCount "41"]
[EventDate "2020.01.25"]
[EventType "swiss"]
[EventCountry "POR"]
[SourceTitle "playchess.com"]
[Source "ChessBase"]
[SourceQuality "1"]
[TimeControl "5400+30"]

1. d4 Nf6 2. Nf3 e6 3. c4 d5 4. Nc3 c5 5. cxd5 exd5 6. Bg5 Be6 7. Qb3 Be7 8. e3 O-O 9. Be2 b6 10. O-O c4 11. Qc2 a6 12. Ne5 Qc7 13. f4 Nc6 14. f5 Bc8 15. Bxf6 Bxf6 16. Nxd5 Qd6 17. Nxf6+ Qxf6 18. Nxc6 Qxc6 19. Bf3 Qh6 20. Bxa8 Qxe3+ 21. Qf2 1-0

[Event "Portugal Open 2020"]
[Site "Lisbon"]
[Date "2020.01.25"]
[Round "1.39"]
[White "Dias, Antonio Alberto"]
[Black "Napoli, Nicolo"]
[Result "0-1"]
[ECO "A45"]
[WhiteElo "1732"]
[BlackElo "2333"]
[Annotator "NA"]
[PlyCount "71"]
[EventDate "2020.01.25"]
[EventType "swiss"]
[EventCountry "POR"]
[SourceTitle "playchess.com"]
[Source "ChessBase"]
[SourceQuality "1"]
[TimeControl "5400+30"]

1. d4 Nf6 2. Nc3 e6 3. Bg5 h6 4. Bh4 Bb4 5. f3 c5 6. e3 Qa5 7. Nge2 Nd5 8. Qd2 cxd4 9. exd4 Nc6 10. Bf2 b6 11. a3 Ba6 12. Rd1 Bxc3 13. Nxc3 Nxc3 14. Qxc3 Qxc3+ 15. bxc3 Bxf1 16. Rxf1 d5 17. Bg3 Na5 18. Ke2 Rc8 19. Kd3 Nc4 20. Rb1 Kd7 21. Rb3 Rc6 22. Rfb1 g5 23. f4 Na5 24. Rb4 Rhc8 25. Be1 gxf4 26. Bd2 f6 27. Re1 h5 28. Rbb1 Ke7 29. Re2 Kf7 30. Rf2 e5 31. dxe5 fxe5 32. g3 e4+ 33. Kd4 Rc4+ 34. Ke5 Re8+ 35. Kxd5 Rc5+ 36. Kd4 0-1

[Event "Portugal Open 2020"]
[Site "Lisbon"]
[Date "2020.01.25"]
[Round "1.41"]
[White "Bornand, Herbert"]
[Black "Esquivias Quintero, Luis Manuel"]
[Result "0-1"]
[ECO "A45"]
[WhiteElo "1722"]
[BlackElo "2318"]
[Annotator "NA"]
[PlyCount "42"]
[EventDate "2020.01.25"]
[EventType "swiss"]
[EventCountry "POR"]
[SourceTitle "playchess.com"]
[Source "ChessBase"]
[SourceQuality "1"]
[TimeControl "5400+30"]

1. d4 Nf6 2. Nc3 d5 3. Bf4 e6 4. Nf3 Bb4 5. a3 Bxc3+ 6. bxc3 Ne4 7. Qd3 b6 8. Nd2 Ba6 9. Qe3 Nxd2 10. Qxd2 O-O 11. g4 c5 12. g5 Nc6 13. h4 cxd4 14. cxd4 Re8 15. Be5 Nxe5 16. dxe5 Rc8 17. f4 Rc5 18. Rh3 Qc7 19. Rc1 Rc8 20. Kd1 Bb5 21. c3 d4 0-1

[Event "Portugal Open 2020"]
[Site "Lisbon"]
[Date "2020.01.25"]
[Round "1.42"]
[White "Veiga, Jose Francisco R P N"]
[Black "Barrento, Jorge Maria Lopes"]
[Result "1-0"]
[ECO "C40"]
[WhiteElo "2312"]
[BlackElo "1715"]
[Annotator "NA"]
[PlyCount "39"]
[EventDate "2020.01.25"]
[EventType "swiss"]
[EventCountry "POR"]
[SourceTitle "playchess.com"]
[Source "ChessBase"]
[SourceQuality "1"]
[TimeControl "5400+30"]

1. e4 e5 2. Nf3 Qe7 3. Nc3 c6 4. g3 Nf6 5. Bg2 g6 6. O-O Bg7 7. d4 d6 8. h3 O-O 9. a4 a5 10. Re1 Qc7 11. Bg5 h6 12. Be3 Nbd7 13. Qd2 Kh7 14. Rad1 Re8 15. b3 Nf8 16. d5 Rd8 17. dxc6 bxc6 18. Nxe5 Bxh3 19. Nxg6 Bg4 20. Nxf8+ 1-0

[Event "Portugal Open 2020"]
[Site "Lisbon"]
[Date "2020.01.26"]
[Round "2.5"]
[White "Indjic, Aleksandar"]
[Black "Jaracz, Barbara"]
[Result "1-0"]
[ECO "D02"]
[WhiteElo "2622"]
[BlackElo "2200"]
[Annotator "ChessBase"]
[PlyCount "101"]
[EventDate "2020.01.25"]
[EventType "swiss"]
[EventCountry "POR"]
[SourceTitle "playchess.com"]
[Source "ChessBase"]
[SourceQuality "1"]
[TimeControl "5400+30"]

1. Nf3 d5 2. d4 Nf6 3. c4 c6 4. Qc2 dxc4 5. Qxc4 Bf5 6. g3 e6 7. Bg2 Be7 8. O-O Nbd7 9. e3 O-O 10. Nc3 Ne4 11. Rd1 Rc8 12. Qe2 Qc7 13. Nh4 Nxc3 14. bxc3 Bxh4 15. gxh4 Nf6 16. e4 Bg4 17. f3 Bh5 18. c4 Rfd8 19. Qe3 e5 20. Bb2 exd4 21. Bxd4 Bg6 22. Bh3 Ra8 23. Bxa7 Rxd1+ 24. Rxd1 Rd8 25. Rxd8+ Qxd8 26. Qd4 Qa5 27. Bb6 Qe1+ 28. Bf1 h6 29. Qf2 Qb1 30. Bd4 Nh5 31. Qd2 f6 32. Kf2 Bf7 33. Qb2 Qd1 34. Be3 Qd6 35. Kg1 Qd1 36. Kg2 Be6 37. Qe2 Qb1 38. Kf2 b5 39. cxb5 cxb5 40. a3 Bc4 41. Qe1 Qb2+ 42. Qd2 Qxd2+ 43. Bxd2 Bxf1 44. Kxf1 Kf7 45. Ke2 Ke6 46. Kd3 f5 47. exf5+ Kxf5 48. Kc3 Nf6 49. Kb4 Nd7 50. Kxb5 Ne5 51. a4 {[%emt 0:00:16] Ke4} 1-0

[Event "Portugal Open 2020"]
[Site "Lisbon"]
[Date "2020.01.26"]
[Round "2.6"]
[White "Palozza, Christian"]
[Black "Ghazarian, Tigran"]
[Result "1/2-1/2"]
[ECO "E16"]
[WhiteElo "2198"]
[BlackElo "1668"]
[Annotator "NA"]
[PlyCount "139"]
[EventDate "2020.01.25"]
[EventType "swiss"]
[EventCountry "POR"]
[SourceTitle "playchess.com"]
[Source "ChessBase"]
[SourceQuality "1"]
[TimeControl "5400+30"]

1. d4 Nf6 2. c4 e6 3. Nf3 Bb4+ 4. Bd2 Qe7 5. g3 Bxd2+ 6. Qxd2 Nc6 7. Nc3 d5 8. cxd5 exd5 9. Bg2 O-O 10. O-O a6 11. Rac1 Na7 12. Ne5 c6 13. Rfe1 Nb5 14. a3 Be6 15. h3 Rfe8 16. e3 Rad8 17. Nxb5 axb5 18. Qb4 Ra8 19. Qxe7 Rxe7 20. Nd3 Nd7 21. Kh2 Nb6 22. g4 Kf8 23. Kg3 Nc4 24. Re2 Nd6 25. Nb4 f6 26. Bh1 Bf7 27. Bg2 Bg6 28. Bf3 Rae8 29. Rce1 h6 30. Bg2 Bh7 31. f4 Be4 32. Bxe4 Nxe4+ 33. Kf3 g5 34. Nd3 Kg7 35. Nf2 Nd6 36. e4 dxe4+ 37. Nxe4 Nc4 38. Nc5 Rxe2 39. Rxe2 Rxe2 40. Kxe2 Nxb2 41. fxg5 fxg5 42. Nxb7 Nc4 43. Kd3 Kf6 44. Nd8 Nxa3 45. Nxc6 Ke6 46. Nb4 Nc4 47. Nc6 Nd6 48. Nb4 Nc8 49. Ke4 Nd6+ 50. Kd3 Ne8 51. Na6 Kd6 52. Nb4 Nf6 53. Nc2 Nd5 54. Ke4 Ke6 55. Na3 b4 56. Nc4 Nf4 57. h4 b3 58. hxg5 hxg5 59. Nb2 Nd5 60. Na4 Kd6 61. Nb2 Kc6 62. Kf5 Ne3+ 63. Kxg5 Kd5 64. Kf4 Kxd4 65. g5 Nd5+ 66. Kf5 Kc3 67. Na4+ Kb4 68. Nb2 Kc3 69. Na4+ Kb4 70. Ke4 1/2-1/2

[Event "Portugal Open 2020"]
[Site "Lisbon"]
[Date "2020.01.26"]
[Round "2.9"]
[White "Asadli, Vugar"]
[Black "Reis, Luis Sousa"]
[Result "1-0"]
[ECO "C54"]
[WhiteElo "2538"]
[BlackElo "2187"]
[Annotator "ChessBase"]
[PlyCount "69"]
[EventDate "2020.01.25"]
[EventType "swiss"]
[EventCountry "POR"]
[SourceTitle "playchess.com"]
[Source "ChessBase"]
[SourceQuality "1"]
[TimeControl "5400+30"]

1. e4 e5 2. Nf3 Nc6 3. Bc4 Bc5 4. c3 Nf6 5. d3 a6 6. Bb3 d6 7. O-O Ba7 8. Be3 O-O 9. Nbd2 Kh8 10. h3 Ng8 11. Bxa7 Rxa7 12. d4 Qe7 13. Re1 Nf6 14. Nc4 Ra8 15. Ne3 Bd7 16. Nd5 Qd8 17. dxe5 dxe5 18. Qd2 Be6 19. Rad1 Qc8 20. Qg5 Nd7 21. Ne7 Qe8 22. Bxe6 fxe6 23. Nxc6 bxc6 24. Nxe5 Nxe5 25. Qxe5 Qf7 26. Rd2 Rad8 27. Ree2 Kg8 28. Rd4 Qf6 29. Qxf6 gxf6 30. Red2 Rxd4 31. Rxd4 Rb8 32. b3 c5 33. Rd7 Rb7 34. c4 a5 35. Rd8+ 1-0

[Event "Portugal Open 2020"]
[Site "Lisbon"]
[Date "2020.01.26"]
[Round "2.10"]
[White "Silich, Yahor"]
[Black "Arizmendi Martinez, Julen Luis"]
[Result "1-0"]
[ECO "B07"]
[WhiteElo "2158"]
[BlackElo "2505"]
[Annotator "ChessBase"]
[PlyCount "81"]
[EventDate "2020.01.25"]
[EventType "swiss"]
[EventCountry "POR"]
[SourceTitle "playchess.com"]
[Source "ChessBase"]
[SourceQuality "1"]
[TimeControl "5400+30"]

1. e4 d6 2. d4 Nf6 3. Nc3 c6 4. a4 e5 5. Nf3 Qa5 6. Bd2 Bg4 7. Ne2 Qc7 8. dxe5 Nxe4 9. exd6 Bxd6 10. Be3 O-O 11. h3 Bxf3 12. gxf3 Nf6 13. Qd2 Rd8 14. Bd4 Nbd7 15. O-O-O Be5 16. Rg1 c5 17. Qg5 g6 18. Bxe5 Qxe5 19. f4 Qe6 20. Nc3 Nb6 21. Bg2 Rd4 22. Qxc5 Rxf4 23. Bxb7 Rf8 24. b3 Qxh3 25. a5 Nbd7 26. Qe3 Qf5 27. Nd5 Re4 28. Qxe4 Qxe4 29. Nxf6+ Nxf6 30. Bxe4 Nxe4 31. Rd7 Ra8 32. Rgd1 Kg7 33. f3 Ng5 34. f4 Ne6 35. Re7 Nxf4 36. Rdd7 Rf8 37. a6 h5 38. Rxa7 h4 39. Rxf7+ Rxf7 40. Rxf7+ Kxf7 41. a7 1-0